 Dungeon Crawl Stone Soup version 0.30-a0-57-g8b159a9891 (webtiles) character file.

Game seed: 3446365638573301466

94569 Gargoyl the Blocker (level 16, -7/81 HPs)
             Began as a Gargoyle Berserker on Sept 4, 2022.
             Was a Priest of Trog.
             Mangled by a deep troll (12 damage)
             ... on level 15 of the Dungeon on Sept 12, 2022.
             The game lasted 00:40:57 (25964 turns).

Gargoyl the Blocker (Gargoyle Berserker)           Turns: 25964, Time: 00:40:57

Health: -7/81      AC: 39    Str: 20      XL:     16   Next: 11%
Magic:  16/16      EV: 12    Int:  7 (9)  God:    Trog [***...]
Gold:   1198       SH: 20    Dex: 15      Spells: 15/15 levels left

rFire   . . .      SeeInvis .    b - +1 broad axe (vorpal)
rCold   . . .      Faith    .    B - +2 kite shield
rNeg    + . .      Spirit   .    y - +8 scale mail of Somewhere Else {Stlth+}
rPois   ∞          Reflect  +    (no helmet)
rElec   +          Harm     .    C - +2 cloak
rCorr   +          Rampage  .    v - +2 pair of gloves
Will    +++..                    f - +2 pair of boots
Stlth   +.........               r - amulet of reflection
HPRegen 1.23/turn                h - ring of resist corrosion
MPRegen 0.15/turn                (no ring)

@: mighty, on fire, weakened, strong-willed, on berserk cooldown, flying,
regenerating, slowed, glowing, unable to read, very slow
A: sickness immunity, AC +12, big wings, negative energy resistance 1,
electricity resistance, torment resistance 1, petrification resistance, frail 2,
weak 1, subdued magic 1
a: Renounce Religion, Berserk, Trog's Hand


You were on level 15 of the Dungeon.
You worshipped Trog.
Trog was most pleased with you.
You visited 2 branches of the dungeon, and saw 20 of its levels.
You visited the Abyss 1 time.
You also visited: Ossuary.

You collected 1662 gold pieces.
You spent 464 gold pieces at shops.

Inventory:

Hand Weapons
 b - a +1 vorpal broad axe (weapon)
 q - a +2 flail of protection
 s - a +4 hand axe of flaming
 P - a +1 long sword of holy wrath
Missiles
 p - 46 poisoned darts (quivered)
 M - 19 curare-tipped darts
Armour
 f - a +2 pair of boots (worn)
 v - a +2 pair of gloves (worn)
 y - the +8 scale mail of Somewhere Else (worn) {Stlth+}
   (You found it on level 2 of the Lair of Beasts)

   Stlth:     It makes you more stealthy.
 B - a +2 kite shield (worn)
 C - a +2 cloak (worn)
Jewellery
 h - a ring of resist corrosion (left hand)
 r - an amulet of reflection (around neck)
 z - an amulet of the acrobat
 A - an amulet of magic regeneration
 G - an amulet of regeneration
 K - a ring of magical power
 N - a +4 ring of protection
Wands
 d - a wand of mindburst (9)
 x - a wand of digging (12)
 D - a wand of roots (23)
 H - a wand of paralysis (24)
 I - a wand of light (1)
 J - a wand of flame (9)
Scrolls
 a - a scroll of poison
 i - 6 scrolls of teleportation
 k - 8 scrolls of fear
 n - 2 scrolls of silence
 t - 5 scrolls of identify
 F - a scroll of magic mapping
 L - a scroll of butterflies
Potions
 c - 5 potions of curing
 e - 6 potions of flight
 g - 3 potions of haste
 j - 6 potions of cancellation
 l - 3 potions of berserk rage
 o - 6 potions of ambrosia
 u - 3 potions of invisibility
 E - a potion of resistance
 O - a potion of magic {unknown}


   Skills:
 + Level 12.3 Fighting
 + Level 14.2(15.5) Axes
 + Level 11.3(14.8) Maces & Flails
 + Level 2.4 Throwing
 + Level 11.0 Armour
 + Level 5.9 Dodging
 + Level 5.6 Stealth
 + Level 14.6 Shields


You had 15 spell levels left.
You didn't know any spells.
Your spell library was empty.

Dungeon Overview and Level Annotations

Branches:
Dungeon (15/15)            Temple (0/1) D:7            Lair (5/5) D:11
  Swamp (0/4) Lair:3       Spider (0/4) Lair:2        Slime (0/5) Lair:5
    Orc (0/2) D:12         Vaults (0/5) D:13         Depths (0/4) D:15
Ossuary (visited)

Altars:
Ashenzari
Cheibriados
Okawaru
Qazlal
Ru
Uskayaw
Vehumet
Wu Jian
Zin
The Shining One

Shops:
D:9 [

Annotations:
D:3 1 runed translucent door


Innate Abilities, Weirdness & Mutations

You are immune to sickness and miasma.
Your stone body is resilient. (AC +12)
You are immune to poison.
Your large and strong wings let you fly.
You resist negative energy. (rN+)
You are resistant to electric shocks. (rElec)
You are resistant to unholy torment.
You are immune to petrification.
You are very frail. (-20% HP)
You are weak. (Str -2)
Your spells are a little easier to cast, but a little less powerful.


Message History

You block the orange demon's attack. The orange demon hits you.
* * * LOW HITPOINT WARNING * * *
You feel your attacks grow feeble.
Some rock shatters into small pieces.
The smoke demon hits you but does no damage.
The smoke demon closely misses you. You block the smoke demon's attack.
The orange demon barely misses you.
The orange demon hits you but does no damage.
You hear a roar!
Your memory of the abyssal rune fades away.
You pass through the gate.
Welcome back to the Dungeon!
The deep troll barely misses you. You block the deep troll's attack. x2
The wizard casts a spell.
The wizard flickers and vanishes!
Deactivating autopickup; reactivate with Ctrl-A.
Unknown command.
You feel better. The thrashing horror tramples you.
* * * LOW HITPOINT WARNING * * *
You hold your ground!
The thrashing horror closely misses you.
The thrashing horror tramples you!
* * * LOW HITPOINT WARNING * * *
You hold your ground!
The thrashing horror tramples you.
* * * LOW HITPOINT WARNING * * *
You hold your ground!
The deep troll bites you but does no damage.
You block the deep troll's attack. x2; Something hits you but does no damage.
The orange demon stings you.
* * * LOW HITPOINT WARNING * * *
The orange demon barely misses you. The naga spits poison at you.
The splash of poison reflects off an invisible shield around you!
The splash of poison misses the naga.
The orange demon stings you but does no damage.
The smoke demon gestures at you.
The sticky flame hits you but does no damage.
You are covered in liquid flames!
You block the deep troll's attack. The deep troll claws you!
You die...

...............
................
...............
.......#........
...............
...####.###.....
###########..##
##.#⌠..#...#####
..######.#.....#.#
.##.....#...#.# #
##4.#.#.#.#..#
#4#T$.#.....#
#N@{X.#.#####
#.?..3#..>#.#
#..###.####.# #.
..# ..# ... ..
#... ## ####


You could see a deep troll, 2 orange demons, a thrashing horror (strong), a
smoke demon and a naga (catching breath).

Vanquished Creatures
  A juggernaut (Abyss:5)
  A tentacled monstrosity (Abyss:5)
  A tentacled starspawn (Abyss:5)
  Agnes (D:14)
  2 very ugly things (Abyss:5)
  An ophan (Abyss:5)
  The ghost of HotDog666 the Basher, a journeyman GrFi of the Shining One (Lair:4)
  A red draconian (Abyss:5)
  A dire elephant (Lair:5)
  The ghost of gruffalo the Cleaver, a journeyman HOFi of Okawaru (D:12)
  The ghost of dittoslash the Cruncher, a journeyman MeWn (Lair:2)
  The ghost of Zoraivy the Severer, a journeyman DDFi of Elyvilon (Lair:5)
  Snorg (Lair:4)
  A deep elf death mage (D:14)
  An ettin (D:15)
  2 catoblepae
  3 boulder beetles
  9 hydras
  A merfolk avatar (Lair:5)
  5 centaur warriors
  A dancing weapon (Abyss:5)
  7 tengu warriors
  6 two-headed ogres
  Urug (D:13)
  A thrashing horror (Abyss:5)
  5 skeletal warriors (D:13)
  2 sea snakes (Lair:5)
  3 starcursed masses (Abyss:5)
  An orb spider (Lair:2)
  A deep elf archer (D:14)
  2 orc knights (D:15)
  A lindwurm (D:13)
  3 harpies (Lair:5)
  A deep elf pyromancer (D:14)
  A deep elf zephyrmancer (D:14)
  A harpy (shapeshifter) (D:12)
  An orc sorcerer (D:15)
  A wizard (D:15)
  6 ugly things
  4 cyclopes
  3 manticores
  A worldbinder (Abyss:5)
  17 elephants
  5 black mambas
  An ice statue (D:14)
  A smoke demon (Abyss:3)
  6 cane toads
  2 torpor snails (Lair:5)
  A gargoyle (D:12)
  10 komodo dragons
  Maggie (D:7)
  3 kobold demonologists (D:12)
  5 rime drakes
  A yaktaur (D:13)
  An ancient zyme (Abyss:5)
  A tengu conjurer (D:15)
  6 ice devils (D:14)
  5 trolls
  A wind drake (Lair:5)
  2 snapping turtles (Lair:5)
  A spectral dream sheep (Lair:4)
  12 blink frogs
  13 slime creatures
  11 dream sheep (Lair:5)
  2 raiju (Abyss:5)
  A shadow (D:10)
  A vampire (D:14)
  A ynoxinul (Abyss:5)
  5 wraiths
  2 basilisks
  5 wyverns
  3 vampire mosquitoes
  36 yaks
  2 neqoxecs (Abyss:5)
  A basilisk (shapeshifter) (D:13)
  5 large abominations (Abyss:5)
  2 steam dragons (Lair:5)
  2 small abominations (Abyss:5)
  A naga (Abyss:5)
  A warg (D:15)
  11 water moccasins
  2 acid dragons
  8 orc warriors
  2 sky beasts
  2 black bears
  A black bear (shapeshifter) (D:13)
  A spectral rime drake (Lair:4)
  The ghost of OPersze the Grave Robber, an amateur HONe (D:3)
  10 centaurs
  2 phantoms (D:4)
  10 kobold brigands (D:12)
  12 bullfrogs
  3 cane toad simulacra (Lair:4)
  3 necrophages
  5 scorpions
  4 howler monkeys
  A centaur zombie (Ossuary)
  4 human zombies (Ossuary)
  2 jellies (D:6)
  7 hounds
  2 gnoll boudas
  11 orc priests
  2 iguanas (D:6)
  7 orc wizards
  3 mummies
  10 gnolls
  10 adders
  2 river rats (D:3)
  4 white imps
  4 ufetubi (D:14)
  4 worms
  2 dart slugs
  33 orcs
  4 bats
  12 endoplasms
  2 giant cockroaches (D:1)
  10 goblins
  15 hobgoblins
  2 jackals (D:3)
  5 kobolds
  8 quokkas
  4 ball pythons
  3 frilled lizards
  9 hobgoblin zombies (Ossuary)
  A jackal zombie (Ossuary)
  8 kobold zombies (Ossuary)
  8 orc zombies (Ossuary)
  6 rats
  5 rat zombies (Ossuary)
  2 starspawn tentacles (Abyss:5)
554 creatures vanquished.

Vanquished Creatures (collateral kills)
  A hydra (Lair:5)
  A worldbinder (Abyss:5)
  A cane toad (Lair:5)
  A hellion (Abyss:5)
  A water moccasin (Lair:5)
  An orc warrior (D:8)
  A wolf (Lair:5)
  2 orc wizards (D:15)
  2 orcs
11 creatures vanquished.

Vanquished Creatures (others)
  A very ugly thing (Abyss:5)
  5 dream sheep (Lair:5)
  2 ufetubi (D:14)
  35 fungi
  71 plants
  12 starspawn tentacles (Abyss:5)
126 creatures vanquished.

Grand Total: 691 creatures vanquished

Notes
Turn   | Place    | Note
-------+----------+-------------------------------------------
     0 | D:1      | Gargoyl the Gargoyle Berserker began the quest for the Orb.
     0 | D:1      | Reached XP level 1. HP: 14/14 MP: 1/1
   304 | D:1      | Reached XP level 2. HP: 11/19 MP: 2/2
   837 | D:1      | Reached XP level 3. HP: 23/24 MP: 3/3
  1350 | D:2      | Reached XP level 4. HP: 26/29 MP: 4/4
  1628 | D:2      | Reached ** piety under Trog
  2655 | D:3      | Found a runed translucent door.
  2698 | D:3      | Reached XP level 5. HP: 28/33 MP: 5/5
  2911 | D:3      | Found a runed translucent door.
  2912 | D:3      | Noticed OPersze's ghost (amateur HONe)
  2927 | D:3      | Killed OPersze's ghost
  2928 | D:3      | Reached XP level 6. HP: 38/38 MP: 6/6
  3079 | D:3      | Reached skill level 5 in Axes
  3522 | D:4      | Reached skill level 1 in Maces & Flails
  3522 | D:4      | Reached XP level 7. HP: 36/44 MP: 7/7
  4006 | D:4      | Found a stormy altar of Qazlal.
  4011 | D:4      | Found an ornate altar of the Wu Jian Council.
  4236 | D:4      | Reached XP level 8. HP: 46/48 MP: 8/8
  4737 | D:5      | Entered Level 5 of the Dungeon
  5578 | D:6      | Reached skill level 5 in Fighting
  5578 | D:6      | Reached skill level 5 in Maces & Flails
  5578 | D:6      | Reached skill level 5 in Armour
  5658 | D:6      | Found a glowing silver altar of Zin.
  6222 | D:7      | Noticed Maggie
  6248 | D:7      | Killed Maggie
  6249 | D:7      | Reached XP level 9. HP: 31/55 MP: 9/9
  6812 | D:7      | Reached *** piety under Trog
  7259 | D:7      | Found a staircase to the Ecumenical Temple.
  7533 | D:8      | Found a sand-covered staircase.
  7542 | Ossuary  | Entered an ossuary
  7660 | Ossuary  | Reached **** piety under Trog
  8758 | D:9      | Found a glowing golden altar of the Shining One.
  8877 | D:9      | Noticed a two-headed ogre
  8889 | D:9      | Reached XP level 10. HP: 61/61 MP: 10/10
  8892 | D:9      | Killed a two-headed ogre
  9084 | D:9      | Reached skill level 1 in Stealth
  9216 | D:9      | Noticed a two-headed ogre
  9229 | D:9      | Killed a two-headed ogre
  9230 | D:9      | Reached skill level 1 in Throwing
  9333 | D:9      | Found Ikoxif's Antique Armour Shoppe.
  9350 | D:9      | Bought a glowing kite shield for 232 gold pieces
  9350 | D:9      | Bought a glowing cloak for 232 gold pieces
  9570 | D:10     | Entered Level 10 of the Dungeon
  9857 | D:10     | Found an iron altar of Okawaru.
  9959 | D:10     | Noticed a cyclops
  9959 | D:10     | Noticed a cyan ugly thing
  9975 | D:10     | Killed a cyan ugly thing
  9976 | D:10     | Reached skill level 10 in Maces & Flails
  9982 | D:10     | Killed a cyclops
  9990 | D:10     | Noticed a four-headed hydra
 10001 | D:10     | Reached skill level 1 in Shields
 10147 | D:10     | Noticed a two-headed ogre
 10147 | D:10     | Noticed a boulder beetle
 10183 | D:10     | Killed a two-headed ogre
 10184 | D:10     | Reached XP level 11. HP: 30/67 MP: 11/11
 10194 | D:10     | Killed a boulder beetle
 10890 | D:10     | Killed a one-headed hydra
 11032 | D:10     | Found a snail-covered altar of Cheibriados.
 11048 | D:10     | Found a sacrificial altar of Ru.
 11051 | D:10     | Found a broken altar of Ashenzari.
 11053 | D:10     | Found a radiant altar of Vehumet.
 11220 | D:11     | Noticed a cyclops
 11227 | D:11     | Killed a cyclops
 11355 | D:11     | Noticed a four-headed hydra
 11362 | D:11     | Killed a one-headed hydra
 11363 | D:11     | Reached skill level 5 in Shields
 12085 | D:11     | Identified the +3 ring mail of Polish {Contam rElec rPois
                  | rN++}
 12320 | D:11     | Reached XP level 12. HP: 47/75 MP: 12/12
 12483 | D:11     | Found a staircase to the Lair.
 12833 | Lair:1   | Entered Level 1 of the Lair of Beasts
 13321 | Lair:1   | Noticed a four-headed hydra
 13327 | Lair:1   | Killed a one-headed hydra
 13942 | Lair:2   | Found a runed translucent door.
 13943 | Lair:2   | Noticed dittoslash's ghost (journeyman MeWn)
 13944 | Lair:2   | Identified the +8 scale mail of Somewhere Else {Stlth+}
 14176 | Lair:2   | Found a dark tunnel.
 14678 | Lair:2   | Found a hole to the Spider Nest.
 15488 | Lair:2   | Killed dittoslash's ghost
 15489 | Lair:2   | Reached skill level 10 in Armour
 15593 | Lair:3   | Reached XP level 13. HP: 73/80 MP: 13/13
 15845 | Lair:3   | Upgraded the game from 0.30-a0-50-gb2d611f6b1 to
                  | 0.30-a0-57-g8b159a9891
 16103 | Lair:3   | Found a staircase to the Swamp.
 16467 | Lair:3   | Reached skill level 10 in Axes
 16788 | Lair:4   | Gained mutation: Your spells are a little harder to cast,
                  | but a little more powerful. [potion of mutation]
 16788 | Lair:4   | Gained mutation: You are weak. (Str -2) [potion of
                  | mutation]
 16788 | Lair:4   | Gained mutation: You have sharp fingernails. [potion of
                  | mutation]
 16788 | Lair:4   | Lost mutation: You are weak. (Str -2) [potion of mutation]
 16789 | Lair:4   | Lost mutation: Your spells are a little harder to cast, but
                  | a little more powerful. [potion of mutation]
 16789 | Lair:4   | Lost mutation: You have sharp fingernails. [potion of
                  | mutation]
 16789 | Lair:4   | Gained mutation: Your spells are a little easier to cast,
                  | but a little less powerful. [potion of mutation]
 17109 | Lair:4   | Reached skill level 10 in Shields
 17153 | Lair:4   | Found a runed translucent gate.
 17160 | Lair:4   | Noticed Snorg
 17181 | Lair:4   | Killed Snorg
 17561 | Lair:4   | Found a runed translucent gate.
 17561 | Lair:4   | Found a runed translucent gate.
 17572 | Lair:4   | Noticed HotDog666's ghost (journeyman GrFi)
 17901 | Lair:4   | Killed HotDog666's ghost
 18149 | Lair:5   | Entered Level 5 of the Lair of Beasts
 18168 | Lair:5   | Reached skill level 10 in Fighting
 18533 | Lair:5   | Reached skill level 5 in Stealth
 18670 | Lair:5   | Noticed a dire elephant
 18670 | Lair:5   | Noticed Zoraivy's ghost (journeyman DDFi)
 19172 | Lair:5   | Found a runed translucent gate.
 19172 | Lair:5   | Found a runed translucent gate.
 19172 | Lair:5   | Found a runed translucent gate.
 19235 | Lair:5   | Gained mutation: Your large and strong wings let you fly.
                  | [Gargoyle growth]
 19235 | Lair:5   | Reached XP level 14. HP: 49/88 MP: 14/14
 20555 | Lair:5   | Found a staircase to the Slime Pits.
 20771 | Lair:5   | Killed a dire elephant
 20777 | Lair:5   | Killed Zoraivy's ghost
 21094 | D:12     | Found a runed translucent gate.
 21094 | D:12     | Found a runed translucent gate.
 21094 | D:12     | Found a runed translucent gate.
 21094 | D:12     | Noticed gruffalo's ghost (journeyman HOFi)
 21740 | D:12     | Found a staircase to the Orcish Mines.
 22112 | D:12     | Killed gruffalo's ghost
 22509 | D:13     | Reached skill level 5 in Dodging
 22518 | D:13     | Reached XP level 15. HP: 69/95 MP: 15/15
 22627 | D:13     | Noticed Urug
 22648 | D:13     | Killed Urug
 23166 | D:13     | Found a gate to the Vaults.
 23434 | D:14     | Noticed Agnes
 23457 | D:14     | Killed Agnes
 24380 | D:14     | Found a hide-covered altar of Uskayaw.
 24630 | D:15     | Entered Level 15 of the Dungeon
 25319 | D:15     | Found a staircase to the Depths.
 25323 | Abyss:3  | Cast into level 3 of the Abyss (a wizard)
 25360 | Abyss:4  | Found a corrupted altar of Lugonu.
 25382 | Abyss:5  | Found a corrupted altar of Lugonu.
 25608 | Abyss:5  | Noticed a tentacled starspawn
 25610 | Abyss:5  | Gained mutation: You are weak. (Str -2) [a neqoxec]
 25611 | Abyss:5  | Gained mutation: You are frail. (-10% HP) [a neqoxec]
 25629 | Abyss:5  | Noticed a tentacled monstrosity
 25642 | Abyss:5  | Killed a tentacled monstrosity
 25644 | Abyss:5  | Noticed a tentacled starspawn
 25645 | Abyss:5  | Noticed a tentacled starspawn
 25765 | Abyss:5  | Noticed a tentacled starspawn
 25785 | Abyss:5  | Gained mutation: You are very frail. (-20% HP) [a neqoxec]
 25795 | Abyss:5  | Killed a tentacled starspawn
 25876 | Abyss:5  | Noticed a juggernaut
 25899 | Abyss:5  | Reached XP level 16. HP: 44/80 MP: 16/16
 25927 | Abyss:5  | HP: 2/80 [juggernaut (50)]
 25940 | Abyss:5  | Killed a juggernaut
 25963 | D:15     | Escaped the Abyss
 25964 | D:15     | Mangled by a deep troll

Illustrated notes

Levels and vault maps discovered:
D:1:      dpeg_arrival_simpleton_a, layout_loops_ring, grunt_decor_cap
D:2:      layout_basic
D:3:      layout_basic, ebering_ghost_sewer_f, serial_curves, eino_curves_04,
          eino_curves_02
D:4:      layout_loops_cross, jmf_multi_god_temple, hangedman_decor_lopped,
          wad_floor_pattern_untrapped, minmay_starry_boxes
D:5:      nicolae_cairo_tiling_very_big, layout_basic
D:6:      layout_rooms, zin_academy
D:7:      layout_cave_pods, temple_hall, uniq_maggie
D:8:      layout_basic, gup_ossuary_entry_pyramid
D:9:      layout_small_grid, amcnicky_altar_gilded, serial_shops,
          nicolae_shop_window_shopping
D:10:     wad_arrow_thing, layout_basic, mainiacjoe_overflow_brackets,
          minitemple
D:11:     layout_grid_maze, david_lair_shrubbed
D:12:     layout_loops_ring, david_orc_4, gammafunk_ghost_nasty_kobolds
D:13:     layout_rooms, david_vaults_4, uniq_urug
D:14:     cheibrodos_frozen_isle, layout_irregular_city,
          nicolae_uskayaw_en_pointe, uniq_agnes
D:15:     hangedman_depths_entry_civil_slaughter, layout_long_grid, hex_medium,
          gauntlet_entry_generic
Lair:1:   layout_long_grid, grunt_megastairs_3
Lair:2:   layout_chaotic_city, nicolae_spider_entry_orb_guardian,
          nicolae_volcano_entry_s_turn, gammafunk_ghost_grave,
          grunt_megastairs_4, serial_bayou_shore_b
Lair:3:   layout_long_grid, swamp_mist_pool, hibernation_bobbens
Lair:4:   layout_roguey, gammafunk_ghost_necromancy,
          chequers_serial_rivers_room_a, uniq_snorg
Lair:5:   gammafunk_lair_ancient_temple, layout_long_grid,
          dpeg_slime_entry_enclosed, gammafunk_ghost_split

Skill      XL: |  1  2  3  4  5  6  7  8  9 10 11 12 13 14 15 |
---------------+----------------------------------------------+-----
Axes           | 3 4 5 7 9 11 12 14 | 14.2
Dodging        | 2 3 4 5 |  5.9
Fighting       | 4 6 7 8 9 10 11 12 | 12.3
Armour         | 3 4 5 6 8 9 10 11 | 11.0
Maces & Flails | 1 4 6 8 10 11 | 11.3
Stealth        | 1 5 |  5.6
Throwing       | 1 2 |  2.4
Shields        | 3 6 9 11 13 14 | 14.6

Action                   |  1- 3 |  4- 6 |  7- 9 | 10-12 | 13-15 | 16-18 || total
-------------------------+-------+-------+-------+-------+-------+-------++-------
Melee: Hand axe          |   110 |   143 |    64 |   461 |   887 |       ||  1665
       Punch             |       |     2 |     6 |     1 |       |       ||     9
       Flail             |       |    25 |   414 |   223 |       |       ||   662
       Broad axe         |       |       |       |       |   429 |    46 ||   475
Throw: Javelin           |       |     3 |       |       |       |       ||     3
       Dart              |       |       |     3 |     8 |    27 |       ||    38
Invok: Berserk           |       |     4 |     3 |    11 |    20 |     1 ||    39
       Trog's Hand       |       |     4 |     4 |    15 |    32 |     3 ||    58
       Brothers in Arms  |       |       |     1 |     1 |     4 |       ||     6
Evoke: Wand              |       |       |       |     1 |       |       ||     1
  Use: Scroll            |     1 |     5 |    14 |    10 |    11 |       ||    41
       Potion            |       |       |       |     4 |    11 |    11 ||    26
 Stab: Sleeping          |       |     1 |       |       |     4 |       ||     5
       Petrified         |       |       |       |       |    24 |       ||    24
       Distracted        |       |       |       |       |     2 |       ||     2
Armor: Animal skin       |    40 |     7 |       |       |       |       ||    47
       Plate armour      |       |   109 |   434 |   428 |       |       ||   971
       Scale mail        |       |       |       |    59 |   663 |    46 ||   768
Dodge: Dodged            |    86 |    62 |   206 |   170 |   394 |    18 ||   936
Block: Kite shield       |       |       |       |   647 |  1307 |    57 ||  2011
       Reflection        |       |       |       |     6 |    38 |     2 ||    46

Table legend: (Time is in decaauts)
 A = Elapsed time spent in this place.
 B = Non-inter-level travel time spent in this place.
 C = Inter-level travel time spent in this place.
 D = Time resting spent in this place.
 E = Time spent auto-exploring this place.
 F = Levels seen in this place.
 G = Mean time per level.
                   A        B        C        D        E       F      G
               +--------+--------+--------+--------+--------+-----+--------+
         Total |  26099 |  25252 |    847 |   2355 |  17190 |  24 | 1087.5 |
       Dungeon |  17077 |  16521 |    556 |    417 |  12603 |  15 | 1138.5 |
          Lair |   8108 |   7817 |    291 |   1837 |   4353 |   5 | 1621.6 |
         Abyss |    660 |    660 |      0 |     91 |    134 |   3 |  220.0 |
       Ossuary |    252 |    252 |      0 |      9 |     99 |   1 |  252.0 |
               +--------+--------+--------+--------+--------+-----+--------+

Top non-repeatable levels by time:
  Lair:4: 2141 daAuts
  Lair:2: 1989 daAuts
  Lair:5: 1943 daAuts
    D:11: 1697 daAuts
    D:10: 1649 daAuts
    D:14: 1443 daAuts
     D:4: 1289 daAuts
     D:1: 1274 daAuts
  Lair:3: 1209 daAuts
     D:3: 1150 daAuts
    D:12: 1127 daAuts
     D:2: 1121 daAuts
     D:7: 1116 daAuts
    D:13: 1041 daAuts
     D:8: 955 daAuts
